 Dungeon Crawl Stone Soup version 0.21-a0-215-g0631661 (webtiles) character file.

507 tehllama the Sneak (level 7, -2/43 HPs)
             Began as an Octopode Transmuter on Aug 22, 2017.
             Killed by divine providence
             ... invoked by an orc priest
              (14 damage)
             ... on level 4 of the Dungeon.
             The game lasted 00:07:35 (3231 turns).

tehllama the Sneak (Octopode Transmuter)            Turns: 3231, Time: 00:07:35

Health: -2/43      AC: -2    Str: 11    XL:     7   Next: 18%
Magic:  6/10       EV: 13    Int: 16    God:
Gold:   90         SH:  0    Dex: 14    Spells: 4/10 levels left

rFire    . . .     SeeInvis .     - Unarmed
rCold    . . .     Gourm    .   (no shield)
rNeg     . . .     Faith    .   (helmet restricted)
rPois    .         Spirit   .   (no amulet)
rElec    .         Reflect  .   d - +2 ring of dexterity
rCorr    .         Harm     .   i - -3 ring of protection (curse)
MR       .....                  (no ring)
Stlth    ++++......             (no ring)
HPRegen  0.14/turn              (no ring)
MPRegen  0.12/turn              (no ring)
                                (no ring)
                                (no ring)

@: very slightly contaminated, hasted, very quick
A: almost no armour, stealthy swim, amphibious, 8 rings, constrict 8, camouflage
1, gelatinous body 1
a: no special abilities


You were on level 4 of the Dungeon.
You were hungry.

You visited 1 branch of the dungeon, and saw 4 of its levels.

You collected 90 gold pieces.

Inventory:

Missiles
 a - 41 arrows
Jewellery
 d - a +2 ring of dexterity (left tentacle)
 i - a cursed -3 ring of protection (right tentacle)
 l - a +2 ring of evasion {unknown}
Wands
 n - a wand of digging (8/24)
 p - a wand of disintegration (10/24)
Scrolls
 e - 3 scrolls of identify
 h - a scroll of enchant weapon
Potions
 f - a potion of heal wounds {unknown}
 g - a potion of curing {unknown}
 j - a potion of haste
 m - a potion of cancellation {unknown}
 o - a potion of mutation {unknown}
Books
 b - a book of Changes

   Spells                             Type                      Level
   a - Beastly Appendage              Transmutation                1
   b - Sticks to Snakes               Transmutation                2
   c - Spider Form                    Transmutation/Poison         3
   d - Ice Form                       Ice/Transmutation            4
   e - Blade Hands                    Transmutation                5
Comestibles
 c - a bread ration


   Skills:
 - Level 1.0 Fighting
 + Level 2.2 Dodging
 + Level 6.1 Stealth
 * Level 6.0 Unarmed Combat
 + Level 2.1 Spellcasting
 * Level 2.6 Transmutations
 + Level 0.5 Poison Magic


You had 4 spell levels left.
You knew the following spells:

 Your Spells              Type           Power        Failure   Level  Hunger
a - Beastly Appendage     Tmut           ##....       7%          1    #......
b - Sticks to Snakes      Tmut           ##......     11%         2    ###....
c - Spider Form           Tmut/Pois      #.........   30%         3    ###....


Dungeon Overview and Level Annotations

Branches:
Dungeon (4/15)
 Temple: D:4-7

Altars:
Ashenzari


Innate Abilities, Weirdness & Mutations

You cannot wear most types of armour.
You are very stealthy in the water. (Stealth+)
You are amphibious.
You can wear up to eight rings at the same time.
You can use your tentacles to constrict eight enemies at once.
Your skin changes colour to match your surroundings (Stealth+).
Your rubbery body absorbs attacks. (AC +1, EV +1)


Message History

Found a war axe.
The orc wizard closely misses you.
Okay, then.
You feel yourself speed up.
The orc wizard casts a spell.
The orc wizard seems to speed up.
The orc wizard shouts!
The orc priest shouts! x2
Your transformation has ended.
The orc wizard points at you and mumbles some strange words.
The puff of frost hits you!
The orc wizard looks encouraged for a moment.
The orc priest invokes the aid of Beogh against you.
Beogh smites you!
* * * LOW HITPOINT WARNING * * *
The orc wizard mumbles some strange words.
The orc wizard flickers and vanishes!
Deactivating autopickup; reactivate with Ctrl-A.
The orc priest invokes the aid of Beogh against you.
Beogh smites you!
You die...

#.#.###....#....#..........(..#
..#.#...####.#.....†...o......#
.##.#.#.##...........o.w......#
....#...##.#..................#
#####..........#....o.........#
#...)..#...#.............)#
#..#.......#..............#
#####..........#.########...#.#
...............#@# .....#
######.##.######.# .....
.#####...........# ..
........#.........
.######...#.....## .#
###.#.#...# .# #'#.#.... .# ...
#.#.. .# #.>.. ..


You could see an orc priest.

Vanquished Creatures
  Sigmund (D:3)
  The ghost of blooo the Insei, an amateur GnTm (D:3)
  Jessica (D:3)
  Ijyb (D:4)
  Natasha (thrice) (D:2 D:3)
  A worker ant (D:4)
  4 adders
  An ooze (D:3)
  3 worms
  2 dart slugs
  3 orcs (D:4)
  5 giant cockroaches
  5 goblins
  7 hobgoblins
  5 jackals
  5 kobolds
  4 quokkas
  A ball python (D:1)
  9 bats
  2 frilled lizards
  11 rats
75 creatures vanquished.

Notes
Turn   | Place    | Note
-------+----------+-------------------------------------------
     0 | D:1      | tehllama the Octopode Transmuter began the quest for the Orb.
     0 | D:1      | Reached XP level 1. HP: 13/13 MP: 3/3
   210 | D:1      | Reached XP level 2. HP: 14/18 MP: 5/5
   676 | D:1      | Reached XP level 3. HP: 20/23 MP: 6/6
   961 | D:2      | Noticed Natasha
   971 | D:2      | Killed Natasha
  1043 | D:2      | Reached XP level 4. HP: 25/28 MP: 7/7
  1084 | D:2      | Noticed Natasha
  1090 | D:2      | Killed Natasha
  1387 | D:2      | Reached XP level 5. HP: 14/33 MP: 8/8
  1582 | D:2      | Found a shattered altar of Ashenzari.
  1702 | D:3      | Noticed blooo's ghost (amateur GnTm)
  1794 | D:2      | Learned a level 2 spell: Sticks to Snakes
  1798 | D:2      | Learned a level 3 spell: Spider Form
  1926 | D:3      | Killed blooo's ghost
  1926 | D:3      | Reached skill level 5 in Unarmed Combat
  2114 | D:3      | Noticed Sigmund
  2189 | D:3      | Killed Sigmund
  2189 | D:3      | Reached skill level 5 in Stealth
  2189 | D:3      | Reached XP level 6. HP: 38/38 MP: 9/9
  2414 | D:3      | Noticed Natasha
  2446 | D:3      | Killed Natasha
  2552 | D:3      | Noticed Jessica
  2565 | D:3      | Killed Jessica
  2582 | D:3      | Reached XP level 7. HP: 23/43 MP: 8/10
  2821 | D:3      | Noticed Ijyb
  2833 | D:4      | Killed Ijyb
  3231 | D:4      | Killed from afar by an orc priest

Vault maps used:
D:1:      lightli_arrival_noodles, hangedman_decor_push, serial_bayou_ford_a
D:2:      ashenzari_conservatory_becter, uniq_natasha
D:3:      first_bread, gup_sewer_entry_bowl, uniq_sigmund, uniq_ijyb,
          uniq_jessica, uniq_robin
D:4:      nicolae_overflow_hidden_temple

Skill      XL: |  1  2  3  4  5  6  7 |
---------------+----------------------+-----
Unarmed Combat | 4 5 6 |  6.0
Stealth        | 2 3 5 6 |  6.1
Fighting       | |  1.0
Dodging        | |  2.2
Spellcasting   | |  2.1
Transmutations | |  2.6
Poison Magic   | |  0.5

Action                   |  1- 3 |  4- 6 |  7- 9 || total
-------------------------+-------+-------+-------++-------
Melee: Unarmed           |    56 |    98 |    28 ||   182
       Constrict         |    19 |    18 |     5 ||    42
       Tentacles         |     8 |    12 |     1 ||    21
       Kick              |     2 |     8 |     3 ||    13
       Punch             |     1 |     3 |       ||     4
 Cast: Beastly Appendage |     5 |     5 |     1 ||    11
       Spider Form       |       |     3 |     4 ||     7
  Use: Scroll            |       |     4 |     1 ||     5
       Potion            |       |     1 |     1 ||     2
 Stab: Sleeping          |     6 |     5 |       ||    11
  Eat: Chunk             |       |     5 |     2 ||     7
       Royal jelly       |       |     1 |       ||     1
Armor: Skin              |     2 |    19 |       ||    21
Dodge: Dodged            |    31 |   105 |    20 ||   156

Table legend:
 A = Spawn XP
 B = Non-spawn XP
 C = Spawn XP percentage of total XP
 D = Spawn monster count
 E = Non-spawn monster count
 F = Spawn count percentage of total count
 G = Total turns spent on level
                    A         B        C        D         E        F      G
               +---------+---------+-------+---------+---------+-------+---------
         Total |      68 |     657 |   9.4 |      17 |      58 |  22.7 |  3231
               +---------+---------+-------+---------+---------+-------+---------
           D:1 |      14 |      21 |  40.0 |       6 |      15 |  28.6 |   680
           D:2 |      30 |     112 |  21.1 |       4 |      17 |  19.0 |  1267
           D:3 |      11 |     442 |   2.4 |       6 |      19 |  24.0 |   883
           D:4 |      13 |      82 |  13.7 |       1 |       7 |  12.5 |   401
               +---------+---------+-------+---------+---------+-------+---------
